 Dungeon Crawl Stone Soup version 0.31-a0-188-g5e087ee2ca (webtiles) character file.

Game seed: 5410387007581321504

218 qw the Skirmisher (level 5, -4/29 HPs)
             Began as a Deep Elf Hunter on June 22, 2023.
             Slain by an ogre
             ... wielding a +0 giant spiked club
              (15 damage)
             ... on level 4 of the Dungeon.
             The game lasted 00:01:00 (2543 turns).

qw the Skirmisher (Deep Elf Hunter)                 Turns: 2543, Time: 00:01:01

Health: -4/29      AC:  7    Str: 10    XL:     5   Next: 63%
Magic:  7/7        EV: 11    Int: 14    God:
Gold:   94         SH:  0    Dex: 18    Spells: 4/4 levels left

rFire   . . .        Y - +1 shortbow
rCold   . . .        (shield currently unavailable)
rNeg    . . .        b - +0 ring mail
rPois   .            o - +0 helmet
rElec   .            (no cloak)
rCorr   .            (no gloves)
SInv    .            d - +0 pair of boots
Will    .....        (no amulet)
Stlth   +            (no ring)
HPRegen 0.24/turn    (no ring)
MPRegen 0.10/turn

%: no passive effects
@: no status effects
A: no striking features
a: no special abilities


You were on level 4 of the Dungeon.
You visited 1 branch of the dungeon, and saw 4 of its levels.

You collected 94 gold pieces.


   Skills:
 + Level 1.5 Fighting
 - Level 9.2 Ranged Weapons
 - Level 2.4 Dodging
 - Level 1.2 Stealth


You had 4 spell levels left.
You didn't know any spells.
Your spell library was empty.

Inventory:

Hand Weapons
 Y - a +1 shortbow (weapon)
Armour
 b - a +0 ring mail (worn)
 d - a +0 pair of boots (worn)
 o - a +0 helmet (worn)
Jewellery
 a - a ring of protection from fire
Scrolls
 g - a scroll of identify
Potions
 e - a potion of enlightenment {unknown}
 f - a potion of berserk rage {unknown}
 h - 2 potions of curing
 j - a potion of mutation {unknown}
 l - 2 potions of brilliance {unknown}
 m - a potion of degeneration {unknown}

Dungeon Overview and Level Annotations

Branches:
Dungeon (4/15)
 Temple: D:4-7

Altars:


Message History

You open the door.
Found a stone staircase leading down.
Enter note:
There is a stone staircase leading down here.
l - 2 smoky emerald potions (gained 1)
A ball python comes into view.
Enter note:
Enter note: You shoot an arrow.
The arrow hits the ball python!
You kill the ball python!
There is a stone staircase leading down here.
Found an escape hatch in the floor.
Enter note:
Enter note:
There is an escape hatch in the floor here.
You open the door.
An ogre comes into view. It is wielding a +0 giant spiked club.
The ogre shouts!
Found a smoky emerald potion.
Found a stone staircase leading down.
Enter note:
Enter note: You shoot an arrow.
The arrow hits the ogre.
The ogre is lightly wounded.
You shoot an arrow. The arrow hits the ogre.
The ogre is moderately wounded.
The ogre closely misses you.
You shoot an arrow. The arrow hits the ogre.
The ogre is heavily wounded.
The ogre closely misses you.
You shoot an arrow. The arrow hits the ogre!
The ogre is severely wounded.
The ogre hits you with a +0 giant spiked club!!
Ouch! That really hurt!
You shoot an arrow. The arrow hits the ogre.
The ogre is severely wounded.
You shoot an arrow. The arrow hits the ogre.
The ogre is almost dead.
The ogre hits you with a +0 giant spiked club!
Ouch! That really hurt!
You die...

. ####. .# ..... !> ##### #.
#.######## ###### #.#......#
.....# ########O#.####.#
####.# #........@.# #.# #.#
#..........# #.# #.#
#..........# #.# #.#
#..........# #.# #>#
#..........# #.# ###.#
#.<........# #.# #...#
#..........# #.#
#.#####..........####.#######
#................#..........#


You could see an ogre.

Vanquished Creatures
  A phantom (D:4)
  An iguana (D:4)
  5 adders
  An ufetubus (D:4)
  2 worms (D:3)
  6 bats
  4 endoplasms
  4 giant cockroaches
  5 goblins
  8 hobgoblins
  2 jackals (D:3)
  3 quokkas
  8 ball pythons
  2 frilled lizards (D:3)
  4 kobolds
  6 rats
62 creatures vanquished.

Notes
Turn   | Place    | Note
-------+----------+-------------------------------------------
     0 | D:1      | qw the Deep Elf Hunter began the quest for the Orb.
     0 | D:1      | Reached XP level 1. HP: 12/12 MP: 3/3
     0 | D:1      | 0 ||| qw: Version: 0.3-a-9-g12657ce
     0 | D:1      | 0 ||| qw: Game counter: 2967
     0 | D:1      | 0 ||| qw: Always use a shield: true
     0 | D:1      | 0 ||| qw: God list: Okawaru
     0 | D:1      | 0 ||| qw: Allow faded altars: false
     0 | D:1      | 0 ||| qw: Do Orc after D:15 true
     0 | D:1      | 0 ||| qw: Do second Lair branch before Depths: true
     0 | D:1      | 0 ||| qw: Lair rune preference: random
     0 | D:1      | 0 ||| qw: Plans: Normal
     0 | D:1      | 0 ||| PLANNING D:1-11
   213 | D:1      | Reached skill level 6 in Ranged Weapons
   213 | D:1      | Reached XP level 2. HP: 16/16 MP: 4/4
   782 | D:1      | 782 ||| UPGRADING to +0 pair of boots.
   787 | D:1      | 787 ||| READING 2 scrolls labelled TAGADU OTAMEOCK.
   788 | D:1      | 788 ||| READING 4 scrolls labelled WOICZONTET.
   789 | D:1      | 789 ||| DRINKING 3 glowing pink potions.
   790 | D:1      | 790 ||| READING 3 scrolls of identify.
   790 | D:1      | 790 ||| IDENTIFYING yellow potion
   791 | D:1      | 791 ||| READING 2 scrolls of identify.
   791 | D:1      | 791 ||| IDENTIFYING smoky blue potion
   792 | D:1      | 792 ||| DROPPING scroll of amnesia.
   793 | D:1      | 793 ||| DROPPING scroll of butterflies.
   794 | D:1      | 794 ||| DROPPING potion of attraction.
   795 | D:1      | 795 ||| DROPPING potion of lignification.
   894 | D:2      | Reached XP level 3. HP: 20/20 MP: 5/5
  1097 | D:2      | Reached skill level 7 in Ranged Weapons
  1347 | D:2      | Reached XP level 4. HP: 12/25 MP: 6/6
  1599 | D:2      | 1599 ||| UPGRADING to +0 helmet.
  1604 | D:2      | 1604 ||| DROPPING ring of flight.
  1605 | D:2      | 1605 ||| READING scroll labelled WABRO BUEQACS.
  1606 | D:2      | 1606 ||| READING scroll labelled SEZOPL DICYCOL.
  1607 | D:2      | 1607 ||| READING scroll labelled TAIPTA QECAI.
  1608 | D:2      | 1608 ||| READING scroll labelled SUUMUE MOHANE.
  1611 | D:2      | 1611 ||| READING scroll labelled AKHLETS GOAG.
  1612 | D:2      | 1612 ||| DRINKING 2 bubbling puce potions.
  1781 | D:3      | HP: 6/25 [poisoned by an adder]
  1782 | D:3      | 1782 ||| DRINKING potion of heal wounds.
  2120 | D:3      | 2120 ||| UPGRADING to +0 ring mail.
  2130 | D:3      | 2130 ||| DROPPING +0 leather armour.
  2131 | D:3      | 2131 ||| DROPPING ring of magical power.
  2132 | D:3      | 2132 ||| READING scroll labelled QECLEH ROVU.
  2133 | D:3      | 2133 ||| DRINKING 2 lumpy pink potions.
  2134 | D:3      | 2134 ||| DRINKING 3 potions of curing.
  2134 | D:3      | 2134 ||| (to cure confusion)
  2135 | D:3      | 2135 ||| DROPPING potion of ambrosia.
  2165 | D:4      | Reached skill level 8 in Ranged Weapons
  2244 | D:4      | Noticed a phantom
  2258 | D:4      | Killed a phantom
  2259 | D:4      | Reached XP level 5. HP: 25/29 MP: 7/7
  2353 | D:4      | Reached skill level 9 in Ranged Weapons
  2537 | D:4      | Noticed an ogre
  2543 | D:4      | Slain by an ogre

Levels and vault maps discovered:
D:1:      dpeg_arrival_concentric_ovals, layout_basic
D:2:      layout_basic
D:3:      minmay_recursive_quarters, layout_rooms
D:4:      layout_basic

Skill      XL: |  1  2  3  4  5 |
---------------+----------------+-----
Ranged Weapons | 6 7 8 9 |  9.2
Fighting       | |  1.5
Dodging        | |  2.4
Stealth        | |  1.2

Action                     |  1- 3 |  4- 6 || total
---------------------------+-------+-------++-------
   Fire: Shortbow          |   107 |   111 ||   218
    Use: Scroll            |     4 |     6 ||    10
         Potion            |     1 |     4 ||     5
 Armour: Leather armour    |     5 |    13 ||    18
         Ring mail         |       |     4 ||     4
  Dodge: Dodged            |    22 |    51 ||    73

Table legend:
 A = Non-vault XP
 B = Vault XP
 C = Vault XP percentage of total XP
 D = Non-vault monster count
 E = Vault monster count
 F = Vault count percentage of total count
                 A         B        C        D         E       F
            +---------+---------+-------+---------+---------+-------
      Total |     302 |      10 |   3.2 |      56 |       6 |   9.7
            +---------+---------+-------+---------+---------+-------
        D:1 |      33 |       0 |   0.0 |      20 |       0 |   0.0
        D:2 |      75 |       0 |   0.0 |      16 |       0 |   0.0
        D:3 |      31 |      10 |  24.4 |      10 |       6 |  37.5
        D:4 |     163 |       0 |   0.0 |      10 |       0 |   0.0
            +---------+---------+-------+---------+---------+-------
